 Dungeon Crawl Stone Soup version 0.28-a0-1510-gd0f6b136d3 (webtiles) character file.

Game seed: 13412784270712480217

72 browni3141 the Firebug (level 4, -8/30 HPs)
             Began as a Demonspawn Fire Elementalist on Jan 16, 2022.
             Killed from afar by an orc wizard (9 damage)
             ... with a puff of flame
             ... on level 2 of the Dungeon.
             The game lasted 00:04:08 (2600 turns).

browni3141 the Firebug (DsFE)                       Turns: 2600, Time: 00:04:08

Health: -8/30      AC:  2    Str:  9    XL:     4   Next: 7%
Magic:  0/7        EV: 12    Int: 18    God:
Gold:   148        SH:  0    Dex: 13    Spells: 4/7 levels left

rFire   . . .      SeeInvis .   (no weapon)
rCold   . . .      Faith    .   (no shield)
rNeg    . . .      Spirit   .   a - +0 robe
rPois   .          Reflect  .   (no helmet)
rElec   .          Harm     .   (no cloak)
rCorr   .          Rampage  .   (no gloves)
Will    .....                   (no boots)
Stlth   ++........              (no amulet)
HPRegen 0.10/turn               (no ring)
MPRegen 0.10/turn               (no ring)

@: no status effects
A: weakness stinger 2
a: no special abilities


You were on level 2 of the Dungeon.
You visited 1 branch of the dungeon, and saw 3 of its levels.

You collected 148 gold pieces.

Inventory:

Armour
 a - a +0 robe (worn)
Scrolls
 b - 2 scrolls of teleportation {unknown}
 c - a scroll of identify {unknown}
 d - 2 scrolls of fog {unknown}
 e - a scroll of blinking {unknown}
Potions
 f - a potion of brilliance {unknown}


   Skills:
 - Level 1.7 Dodging
 - Level 1.7 Stealth
 - Level 2.0 Spellcasting
 - Level 1.0 Conjurations
 * Level 4.5 Fire Magic


You had 4 spell levels left.
You knew the following spells:

 Your Spells              Type           Power      Damage    Failure   Level
a - Foxfire               Conj/Fire      44%        2x1d6     6%          1
b - Scorch                Fire           36%        2d6       4%          2

Your spell library contained the following spells:

 Spells                   Type           Power      Damage    Failure   Level
 Conjure Flame            Conj/Fire      11%        6-21      17%         3
 Inner Flame              Hex/Fire       9%         N/A       22%         3
 Flame Wave               Conj/Fire      11%        2d5       50%         4


Dungeon Overview and Level Annotations

Branches:
Dungeon (3/15)

Altars:


Innate Abilities, Weirdness & Mutations

You have a tail ending in a sharp stinger.


Message History

Nothing appears to happen.
Unknown command.
Casting: Scorch (safe; 4% risk of failure)
Confirm with . or Enter, or press ? or * to list all spells.
Flames lash something.
Casting: Scorch (safe; 4% risk of failure)
Confirm with . or Enter, or press ? or * to list all spells.
Flames lash something.
Unknown command.
You hear some strange, mumbled words.
A puff of flame appears from out of thin air!
The puff of flame hits you!
You climb upwards.
Your mindless puppet stays behind to rot.
Reactivating autopickup.
There is a stone staircase leading down here.
You see here a quokka corpse.
Deactivating autopickup; reactivate with Ctrl-A.
You miss something. Something hits you.
Unknown command.
You closely miss something.
Your tail-slap misses something.
You hear some strange, mumbled words.
A puff of flame appears from out of thin air!
The puff of flame hits you!
* * * LOW HITPOINT WARNING * * *
Unknown command.
You are too injured to fight recklessly!
Casting: Foxfire (safe; 6% risk of failure)
Press: ? - help, Q - select action, (/) - cycle Dir - look around, f - activate You conjure some foxfire!
Something hits you but does no damage.
Unknown command.
The foxfire hits something. x2
Unknown command.
A magic dart appears from out of thin air!
The magic dart hits you.
* * * LOW HITPOINT WARNING * * *
A puff of flame appears from out of thin air!
The puff of flame hits you!
You die...

..##..###...#
#..#.........##
#).....###..#
##....>........
#...#...##.##
#............#
#..##.(..#.#
##.#..........#
#.##)##).#.#
##..#.§........#
#.#)##..##.#
##{.#............
..###...##.#
#..##.#..........
.........÷.#
###.###.#..........
.#####.###.#
##.@.##..#..........
.......# #.#
#..####.##..........
######.# #.###.##
#.##.......... #.#
#...<.# #.##..........
#.#
###########.#..#......##
#.#
#...........##..#)#.##
#.#
#.#######.##...##...##
#.#####.#
#.........####..##
#.......# #.........#
#.[..


There were no monsters in sight!

Vanquished Creatures
  An adder (D:2)
  A dart slug (D:2)
  2 worms (D:2)
  2 orcs (D:2)
  6 endoplasms
  3 giant cockroaches
  3 goblins
  10 hobgoblins
  5 jackals
  4 quokkas
  2 ball pythons
  4 bats
  A frilled lizard (D:2)
  A kobold (D:2)
  A rat (D:2)
46 creatures vanquished.

Vanquished Creatures (others)
  132 foxfires
132 creatures vanquished.

Grand Total: 178 creatures vanquished

Notes
Turn   | Place    | Note
-------+----------+-------------------------------------------
     0 | D:1      | browni3141 the Demonspawn Fire Elementalist began the quest
                  | for the Orb.
     0 | D:1      | Reached XP level 1. HP: 13/13 MP: 3/3
   238 | D:1      | Reached skill level 3 in Fire Magic
   456 | D:1      | Gained mutation: You have a small tail. [demonic ancestry]
   456 | D:1      | Reached XP level 2. HP: 19/19 MP: 0/5
   996 | D:1      | Learned a level 2 spell: Scorch
  1085 | D:2      | Gained mutation: You have a tail ending in a sharp stinger.
                  | [demonic ancestry]
  1085 | D:2      | Reached XP level 3. HP: 24/24 MP: 3/6
  1353 | D:2      | Reached skill level 4 in Fire Magic
  2331 | D:2      | Reached XP level 4. HP: 17/30 MP: 1/7
  2598 | D:2      | HP: 1/30 [something/magic dart (6)]
  2600 | D:2      | Killed from afar by an orc wizard

Illustrated notes

Levels and vault maps discovered:
D:1:      saegor_arrival_simple_b, layout_rooms, dk_noncrumbling_4,
          chequers_arboretum, grunt_decor_cap
D:2:      layout_rooms, minmay_cupped
D:3:      layout_basic, mainiacjoe_overflow_concentric_impassable, tgw_trog,
          nicolae_overflow_crystal_walls, st_stairs_3

Skill      XL: |  1  2  3 |
---------------+----------+-----
Fire Magic     | 3 4 |  4.5
Dodging        | |  1.7
Stealth        | |  1.7
Spellcasting   | |  2.0
Conjurations   | |  1.0

Action                   |  1- 3 |  4- 6 || total
-------------------------+-------+-------++-------
Melee: Dagger            |     3 |       ||     3
       Unarmed           |    20 |     2 ||    22
       Tailslap          |     4 |       ||     4
 Cast: Foxfire           |    69 |     9 ||    78
       Scorch            |    10 |     4 ||    14
Armor: Robe              |    14 |     3 ||    17
Dodge: Dodged            |    45 |     8 ||    53

Table legend: (Time is in decaauts)
 A = Elapsed time spent in this place.
 B = Non-inter-level travel time spent in this place.
 C = Inter-level travel time spent in this place.
 D = Time resting spent in this place.
 E = Time spent auto-exploring this place.
 F = Levels seen in this place.
 G = Mean time per level.
                   A        B        C        D        E       F      G
               +--------+--------+--------+--------+--------+-----+--------+
         Total |   2601 |   2525 |     76 |    258 |   1776 |   3 |  867.0 |
       Dungeon |   2601 |   2525 |     76 |    258 |   1776 |   3 |  867.0 |
               +--------+--------+--------+--------+--------+-----+--------+

Top non-repeatable levels by time:
     D:2: 1563 daAuts
     D:1: 1013 daAuts
     D:3: 24 daAuts
